Map: Bel'Shir Vestige LE (Void)

Players

uThermal - Winner!

  • Race: Terran Terran
  • Spawn Location: 11:00

Zanster

  • Race: Zerg Zerg
  • Spawn Location: 5:00

Event: IEM XI Katowice - World Championship 2017

VOD

Have the link to the VOD?

Description

Time

  • Played on: Feb. 27, 2017, 9:39 a.m.
  • Length: 10:31

All games in this series

Show
View Real Time Build Order
Export as new Build Order

uThermal Terran - Winner!

Build Orders: Reaper Expand, MMM Bio 

Get SALT Encoding   

  12  0:01  SCV  
  13  0:14  SCV  
  14  0:17  Supply Depot  
  14  0:26  SCV  
  15  0:39  SCV  
  15  0:41  Barracks  
  16  0:44  Refinery  
  16  0:51  SCV  
  17  1:03  SCV  
  18  1:15  SCV  
  19  1:28  Reaper, Orbital Command  
  20  1:39  Command Center  
  20  1:51  Barracks  
  20  1:53  SCV  
  21  2:00  Barracks Reactor  
  21  2:06  SCV  
  22  2:10  Supply Depot  
  22  2:18  SCV  
  22  2:19  Refinery  
  23  2:30  SCV  
  23  2:38  Marine x2  
  23  2:40  Barracks Tech Lab  
  23  2:42  SCV  
  26  2:48  Command Center  
  26  2:50  Factory  
  26  2:54  SCV  
  26  2:57  Marine x2  
  29  3:02  Marine  
  29  3:04  Stimpack  
  30  3:06  SCV  
  31  3:14  Supply Depot  
  31  3:31  Marine  
  31  3:35  Marine x2, Factory Reactor, Starport  
  31  3:36  SCV  
  34  3:48  Marine, SCV  
  35  3:53  Marine x2  
  38  4:00  SCV  
  39  4:06  Marine  
  40  4:11  Marine x2  
  40  4:12  SCV  
  43  4:18  Medivac x2  
  43  4:21  Bunker  
  47  4:24  Marine  
  47  4:25  SCV  
  47  4:26  Supply Depot  
  47  4:28  Orbital Command  
  49  4:32  Marine  
  49  4:34  Marine  
  49  4:37  SCV  
  52  4:42  Marine  
  53  4:49  Supply Depot  
  53  4:50  SCV  
  54  4:56  SCV  
  54  4:58  Marine  
  56  5:06  Marine, Engineering Bay x2  
  56  5:07  Marine, Refinery  
  57  5:09  Combat Shields  
  58  5:16  Supply Depot, SCV  
  58  5:19  SCV  
  60  5:26  Marine x2  
  60  5:27  Marine, Supply Depot  
  60  5:28  SCV  
  64  5:32  Terran Infantry Weapons Level 1  
  64  5:33  Terran Infantry Armor Level 1  
  64  5:36  Missile Turret  
  64  5:38  SCV  
  65  5:43  Missile Turret  
  65  5:44  Marine  
  65  5:48  SCV  
  67  5:50  Marine, SCV  
  67  5:51  Marine  
  67  5:54  Medivac  
  67  5:56  Medivac  
  73  6:02  Supply Depot, SCV  
  73  6:04  SCV  
  75  6:05  Marine  
  75  6:09  Marine x2  
  78  6:14  SCV  
  79  6:19  Supply Depot  
  79  6:22  Marine  
  80  6:27  Command Center  
  80  6:28  SCV  
  80  6:30  Marine x2  
  83  6:37  Factory Reactor  
  83  6:38  Liberator  
  83  6:39  Liberator  
  82  6:40  Marine, Barracks  
  82  6:43  SCV  
  84  6:52  SCV, Barracks  
  84  6:53  Barracks  
  85  6:59  Marine  
  85  7:00  Marine  
  93  7:04  SCV  
  95  7:08  SCV  
  95  7:12  Marine  
  95  7:14  Armory  
  96  7:17  Widow Mine x2  
  96  7:21  Supply Depot, Marine  
  101  7:22  Supply Depot  
  101  7:28  SCV  
  102  7:33  Marine  
  102  7:36  Marine  
  102  7:38  Marine  
  102  7:39  Marine  
  102  7:43  Orbital Command  
  102  7:46  Widow Mine  
  102  7:48  Missile Turret  
  102  7:51  Marine  
  103  7:53  Marine  
  103  7:54  SCV  
  103  7:56  Marine  
  103  7:57  Marine  
  102  8:09  Marine  
  102  8:11  Marine  
  105  8:14  Marine  
  105  8:19  Barracks Reactor  
  106  8:20  Barracks Reactor  
  106  8:21  Marine, Medivac x2  
  106  8:26  Marine  
  111  8:35  SCV x2  
  111  8:38  Missile Turret, Factory Reactor  
  111  8:40  Orbital Command  
  113  8:43  Refinery  
  113  8:47  SCV  
  114  8:49  Marine x2  
  116  8:56  Bunker, SCV  
  116  8:58  Marine  
  116  9:00  Supply Depot, SCV  
  116  9:01  Marine  
  116  9:02  Marine x2  
  122  9:03  Medivac  
  122  9:08  Marine x2  
  126  9:12  Supply Depot  
  126  9:14  Marine x2  
  128  9:18  Marine x2  
  129  9:25  Marine  
  129  9:26  Marine  
  129  9:27  Marine x2  
  129  9:28  Marine  
  129  9:31  SCV  
  134  9:33  SCV  
  134  9:35  Marine  
  134  9:37  SCV  
  136  9:42  Marine  
  136  9:44  Marine, SCV  
  139  9:49  SCV  
  136  9:54  SCV  
  136  9:55  Marine x2  
  136  9:56  Widow Mine, SCV  
  136  9:57  Marine  
  141  10:02  Marine  
  141  10:04  Marine  
  141  10:05  Marine x2  
  141  10:06  Marine  
  144  10:09  Marine  
  138  10:15  Supply Depot  
  138  10:18  Supply Depot  
Show
View Real Time Build Order
Export as new Build Order

Zanster Zerg 

Build Orders: Pool First, Muta Ling Bane 

Get SALT Encoding   

  12  0:00  Drone  
  13  0:12  Overlord  
  13  0:16  Drone  
  14  0:31  Drone x2  
  14  0:35  Drone  
  17  0:36  Extractor  
  16  0:46  Spawning Pool  
  16  0:49  Drone  
  16  0:56  Drone  
  17  1:07  Drone  
  18  1:20  Hatchery  
  17  1:34  Zergling x4  
  17  1:39  Zergling x2  
  20  1:40  Metabolic Boost  
  20  1:47  Queen  
  20  1:53  Overlord  
  22  2:00  Zergling x2, Extractor  
  23  2:12  Zergling x2  
  24  2:22  Zergling x2  
  25  2:23  Queen  
  26  2:32  Queen  
  26  2:37  Zergling x4  
  30  2:49  Drone x2  
  32  2:53  Overlord  
  32  2:57  Drone  
  32  3:03  Drone x3  
  35  3:07  Drone  
  35  3:12  Drone  
  37  3:13  Queen  
  37  3:19  Drone x2  
  41  3:23  Queen  
  43  3:30  Overlord  
  43  3:31  Drone  
  43  3:47  Overlord  
  43  3:48  Drone  
  43  3:49  Drone x4  
  43  3:54  Queen  
  43  3:55  Drone  
  51  4:05  Lair  
  51  4:06  Drone x2  
  51  4:08  Drone  
  51  4:09  Drone  
  55  4:14  Drone x3  
  58  4:18  Overlord  
  58  4:26  Extractor x2  
  58  4:27  Overlord, Extractor  
  55  4:32  Queen  
  55  4:33  Drone  
  55  4:34  Drone  
  55  4:36  Zergling x2  
  55  4:37  Zergling x4  
  62  4:38  Zergling x2  
  62  4:41  Zergling x2  
  62  4:42  Zergling x2  
  62  4:45  Zergling x4  
  67  4:51  Overlord  
  67  4:56  Zergling x2  
  68  5:06  Zergling x2  
  68  5:07  Spire, Zergling x8  
  73  5:10  Zergling x2  
  73  5:11  Zergling x2  
  74  5:16  Overlord  
  74  5:19  Zergling x2  
  76  5:35  Drone  
  76  5:36  Drone x2  
  76  5:38  Drone  
  76  5:40  Drone x2  
  76  5:42  Drone  
  82  5:45  Drone  
  82  5:46  Drone  
  82  5:47  Hatchery, Drone  
  84  5:52  Overlord  
  84  5:57  Baneling Nest  
  84  6:08  Zergling x8  
  84  6:11  Overlord  
  87  6:26  Mutalisk x6  
  87  6:29  Mutalisk x2  
  103  6:35  Mutalisk, Baneling Nest  
  103  6:40  Overlord  
  103  6:46  Zerg Flyer Weapons Level 1  
  102  6:47  Evolution Chamber  
  102  6:48  Evolution Chamber  
  102  6:49  Zergling x4  
  102  6:52  Zergling x2  
  102  6:53  Zergling x4  
  105  6:58  Zergling x6  
  108  7:02  Overseer  
  108  7:05  Zergling x6  
  111  7:10  Overlord  
  109  7:20  Centrifical Hooks, Zerg Melee Weapons Level 1, Zerg Ground Armor Level 1  
  108  7:25  Baneling  
  108  7:26  Baneling  
  108  7:27  Drone x4  
  113  7:30  Drone x2  
  113  7:32  Drone  
  115  7:38  Zergling x2  
  115  7:39  Zergling x4  
  115  7:40  Baneling x4  
  118  7:49  Baneling x7  
  108  8:02  Zergling x14  
  92  8:06  Zergling x4  
  92  8:12  Mutalisk  
  89  8:15  Mutalisk  
  93  8:20  Mutalisk  
  95  8:27  Baneling x4  
  95  8:30  Overseer  
  95  8:35  Zergling x2, Hatchery  
  95  8:36  Zergling x2  
  95  8:37  Zergling x2  
  97  8:42  Zergling x2  
  97  8:43  Zergling x4  
  97  8:44  Hatchery  
  97  8:46  Zergling x2  
  97  8:47  Zergling x2  
  101  8:50  Zergling x4  
  101  8:55  Zergling x2  
  103  9:05  Overlord  
  103  9:11  Zergling x10  
  108  9:29  Drone x6  
  114  9:40  Zergling x12  
  119  9:46  Overlord  
  114  9:56  Mutalisk x2  
  114  9:57  Mutalisk  
  109  10:07  Zergling x12  
  109  10:13  Zergling x2  
  109  10:14  Zergling x6  

Tags
 
Add a new tag
Caveats
  • Supply blocks, unpowered buildings, or Contaminate may cause inaccurate times.
  • Supply counts are checked every 10 seconds.